 Dungeon Crawl Stone Soup version 0.31.0-9-g3a7656b989 (webtiles) character file.

Game seed: 6301170093622964414

51 qw the Shooter (level 3, -1/20 HPs)
             Began as a Deep Elf Hunter on Feb 2, 2024.
             Slain by a gnoll
             ... wielding a +0 spear
              (4 damage)
             ... on level 3 of the Dungeon.
             The game lasted 00:00:02 (701 turns).

qw the Shooter (Deep Elf Hunter)                     Turns: 701, Time: 00:00:03

Health: -1/20      AC:  6    Str: 10    XL:     3   Next: 58%
Magic:  5/5        EV:  9    Int: 13    God:
Gold:   67         SH:  0    Dex: 18    Spells: 2/2 levels left

rFire   . . .        a - +0 shortbow
rCold   . . .        (shield currently unavailable)
rNeg    . . .        f - +0 scale mail
rPois   .            (no helmet)
rElec   .            (no cloak)
rCorr   .            (no gloves)
SInv    .            (no boots)
Will    .....        (no amulet)
Stlth   +            (no ring)
HPRegen 0.23/turn    (no ring)
MPRegen 0.09/turn

%: no passive effects
@: no status effects
A: no striking features
a: no special abilities


You were on level 3 of the Dungeon.
You visited 1 branch of the dungeon, and saw 3 of its levels.

You collected 67 gold pieces.


   Skills:
 - Level 1.5 Fighting
 + Level 7.1 Ranged Weapons
 - Level 2.4 Dodging
 - Level 1.2 Stealth


You had 2 spell levels left.
You didn't know any spells.
Your spell library was empty.

Inventory:

Hand Weapons
 a - a +0 shortbow (weapon)
Armour
 f - a +0 scale mail (worn)
Scrolls
 b - a scroll of fog {unknown}
Potions
 e - a potion of enlightenment
 g - a potion of brilliance {unknown}
 h - a potion of heal wounds {unknown}
 i - a potion of degeneration {unknown}

Dungeon Overview and Level Annotations

Branches:
Dungeon (2/15)

Altars:


Message History

The gnoll is moderately wounded.
You shoot an arrow. The arrow barely misses the adder.
The arrow hits the gnoll but does no damage.
The gnoll is moderately wounded.
A gnoll comes into view. It is wielding a +0 whip.
The adder bites you.
You are poisoned.
The adder poisons you!
You shoot an arrow. The gnoll shouts!
The arrow hits the adder.
The adder is heavily wounded.
You feel very sick. The adder closely misses you. The gnoll barely misses you.
The adder barely misses you.
You shoot an arrow. The arrow barely misses the adder.
The arrow closely misses the gnoll.
The arrow hits the gnoll.
The gnoll is moderately wounded.
You feel sick. The adder bites you but does no damage.
The gnoll barely misses you.
You shoot an arrow. The arrow closely misses the adder.
The arrow barely misses the gnoll.
The arrow hits the gnoll!
The gnoll is almost dead.
You feel sick. The adder bites you but does no damage.
The gnoll hits you from afar with a +0 spear.
A gnoll comes into view. It is wielding a +0 spear.
The adder bites you. The gnoll misses you.
The gnoll moves out of view.
You shoot an arrow. The arrow hits the adder!
You kill the adder!
You feel sick.
You shoot an arrow. The arrow hits the gnoll.
You kill the gnoll!
You feel sick.
You are no longer poisoned.
Your Ranged Weapons skill increases to level 7!
You shoot an arrow. The arrow hits the gnoll!
The gnoll is almost dead.
The gnoll closely misses you.
The gnoll hits you from afar with a +0 spear.
You die...

#.### #.# #.# #.#
#.# #######.#
........#
...##############.#
..g..g%@%.........#
###################


You could see 2 gnolls.

Vanquished Creatures
  3 adders
  A gnoll (D:3)
  2 endoplasms
  3 goblins (D:1)
  2 hobgoblins
  A quokka (D:1)
  2 bats
  2 kobolds (D:1)
  A rat (D:2)
17 creatures vanquished.

Notes
Turn   | Place    | Note
-------+----------+-------------------------------------------
     0 | D:1      | qw the Deep Elf Hunter began the quest for the Orb.
     0 | D:1      | Reached XP level 1. HP: 12/12 MP: 3/3
     0 | D:1      | 0 ||| qw: Version: 0.3-a-155-g5e7d8dd
     0 | D:1      | 0 ||| qw: Game counter: 1635
     0 | D:1      | 0 ||| qw: Melee chars always use a shield: true
     0 | D:1      | 0 ||| qw: God list: Okawaru
     0 | D:1      | 0 ||| qw: Allow faded altars: false
     0 | D:1      | 0 ||| qw: Do Orc after clearing Dungeon:15 true
     0 | D:1      | 0 ||| qw: Do second Lair branch before Depths: true
     0 | D:1      | 0 ||| qw: Lair rune preference: random
     0 | D:1      | 0 ||| qw: Goals: Normal
     0 | D:1      | 0 ||| PLANNING D:1-11
   201 | D:1      | Reached XP level 2. HP: 16/16 MP: 4/4
   241 | D:1      | Reached skill level 6 in Ranged Weapons
   400 | D:1      | 400 ||| UPGRADING to +0 scale mail.
   410 | D:1      | 410 ||| DROPPING +0 leather armour.
   411 | D:1      | 411 ||| READING scroll labelled LOOSAI CILA.
   411 | D:1      | 411 ||| IDENTIFYING silvery potion
   412 | D:1      | 412 ||| DROPPING scroll of butterflies.
   529 | D:2      | You fall into a shaft and drop 1 floor!
   550 | D:3      | Reached XP level 3. HP: 10/20 MP: 5/5
   698 | D:3      | HP: 5/20 [adder (3)]
   701 | D:3      | Reached skill level 7 in Ranged Weapons
   701 | D:3      | Slain by a gnoll

Levels and vault maps discovered:
D:1:      minmay_arrival_widening_spiral_wide, layout_basic
D:2:      layout_loops_ring
D:3:      layout_loops_ring, shapermc_ecumenical_altar_pompeii

Skill      XL: |  1  2  3 |
---------------+----------+-----
Ranged Weapons | 6 7 |  7.1
Fighting       | |  1.5
Dodging        | |  2.4
Stealth        | |  1.2

Action                     || total
---------------------------++-------
   Fire: Shortbow          ||    48
    Use: Scroll            ||     1
 Armour: Leather armour    ||     1
         Scale mail        ||    17
  Dodge: Dodged            ||    14

Table legend:
 A = Non-vault XP
 B = Vault XP
 C = Vault XP percentage of total XP
 D = Non-vault monster count
 E = Vault monster count
 F = Vault count percentage of total count
                 A         B        C        D         E       F
            +---------+---------+-------+---------+---------+-------
      Total |      74 |       0 |   0.0 |      17 |       0 |   0.0
            +---------+---------+-------+---------+---------+-------
        D:1 |      15 |       0 |   0.0 |       9 |       0 |   0.0
        D:2 |      18 |       0 |   0.0 |       4 |       0 |   0.0
        D:3 |      41 |       0 |   0.0 |       4 |       0 |   0.0
            +---------+---------+-------+---------+---------+-------
